Map: Romanticide LE

Players

Clem - Winner!

  • Race: Terran Terran

Bly

  • Race: Zerg Zerg

Event: DreamHack SC2 Masters 2021 Fall

VOD

Have the link to the VOD?

Description

Time

  • Played on: Aug. 3, 2021, 1:36 p.m.
  • Length: 11:48

All games in this series

Show
View Real Time Build Order
Export as new Build Order

Clem Terran - Winner!

Build Orders: Reaper Expand 

Get SALT Encoding   

  12  0:00  SCV  
  13  0:12  SCV  
  14  0:17  Supply Depot  
  14  0:24  SCV  
  15  0:38  SCV  
  15  0:40  Barracks  
  16  0:43  Refinery  
  16  0:50  SCV  
  17  1:03  SCV  
  18  1:15  SCV  
  19  1:27  Reaper, Orbital Command  
  20  1:40  Command Center  
  20  1:53  Barracks  
  20  1:54  SCV  
  20  1:59  Barracks Reactor  
  21  2:06  SCV  
  21  2:08  Supply Depot  
  22  2:19  SCV  
  22  2:21  Factory  
  23  2:31  SCV  
  23  2:36  Marine x2  
  26  2:40  Refinery  
  26  2:43  SCV  
  27  2:49  Barracks Tech Lab  
  27  2:54  Orbital Command  
  27  2:55  Marine x2, SCV  
  30  3:07  Marine, SCV  
  30  3:08  Stimpack  
  32  3:14  Bunker  
  32  3:15  Marine  
  32  3:19  SCV x2  
  35  3:22  Marine  
  36  3:27  Marine  
  36  3:31  Starport  
  36  3:33  SCV  
  38  3:35  SCV, Factory Reactor  
  38  3:38  Marine  
  40  3:45  SCV  
  40  3:46  Marine  
  40  3:47  Marine, Supply Depot  
  43  3:50  SCV  
  44  3:56  Marine  
  44  3:57  SCV  
  44  4:02  SCV  
  46  4:08  Marine x2  
  46  4:09  Supply Depot, SCV  
  49  4:14  SCV  
  49  4:16  Medivac x2  
  54  4:19  Factory Tech Lab  
  54  4:28  Barracks  
  54  4:33  Supply Depot  
  54  4:34  Marine x3, SCV x2  
  59  4:38  Supply Depot  
  59  4:41  Engineering Bay  
  59  4:46  SCV x2  
  59  4:47  Combat Shield  
  59  4:49  Refinery  
  59  4:52  Marine  
  62  4:54  Marine x2  
  62  4:58  Siege Tank  
  62  4:59  SCV x2  
  69  5:02  Refinery  
  69  5:03  Supply Depot  
  69  5:09  Supply Depot  
  69  5:10  Marine  
  69  5:11  SCV x2  
  69  5:12  Marine  
  73  5:15  Marine  
  73  5:20  Marine  
  73  5:21  Marine  
  75  5:23  SCV  
  75  5:24  Supply Depot  
  75  5:26  SCV, Medivac  
  75  5:28  Marine  
  79  5:32  Siege Tank  
  79  5:33  Marine  
  79  5:34  Marine  
  85  5:40  Supply Depot  
  85  5:41  Marine x2  
  87  5:46  Marine  
  87  5:48  Terran Infantry Weapons Level 1  
  88  5:50  Supply Depot  
  88  5:51  Marine  
  88  5:52  Marine  
  90  6:03  Command Center  
  90  6:04  Starport Reactor  
  90  6:05  Marine  
  90  6:08  Siege Tank  
  90  6:10  Marine x2  
  96  6:12  Marine  
  96  6:14  Marine  
  96  6:17  SCV x2, Supply Depot  
  100  6:20  Missile Turret  
  100  6:22  Missile Turret  
  100  6:26  Marine  
  100  6:28  Marine  
  100  6:29  Marine  
  100  6:30  Marine  
  104  6:34  SCV  
  104  6:35  SCV  
  104  6:37  Marine, Supply Depot  
  107  6:43  Supply Depot  
  107  6:44  Marine  
  108  6:48  Siege Tank  
  108  6:49  Marine  
  108  6:52  Marine x2  
  114  6:57  Marine  
  114  7:00  SCV x2  
  117  7:02  Marine  
  117  7:07  Marine  
  119  7:10  Marine x2  
  119  7:11  Medivac x2  
  119  7:15  Marine  
  126  7:21  Orbital Command  
  122  7:23  Marine  
  122  7:24  SCV x2  
  122  7:25  Marine  
  122  7:28  Marine  
  118  7:35  Marine x2  
  110  7:37  Siege Tank  
  110  7:41  Marine  
  110  7:43  Marine, SCV  
  108  7:46  Marine  
  108  7:48  Medivac x2  
  108  7:50  Orbital Command  
  112  7:55  Barracks  
  112  7:57  Marine  
  113  7:59  SCV, Barracks  
  113  8:00  SCV  
  113  8:03  Marine x2  
  117  8:08  Armory  
  117  8:09  Siege Tank  
  117  8:11  Engineering Bay  
  119  8:12  Marine  
  119  8:16  SCV x2  
  119  8:20  Marine  
  119  8:23  Marine  
  121  8:27  Marine  
  121  8:31  Marine  
  121  8:32  SCV  
  121  8:34  Marine  
  122  8:35  SCV  
  122  8:38  Marine  
  122  8:40  SCV  
  120  8:41  Marine, Siege Tank  
  120  8:45  Marine  
  120  8:48  Supply Depot  
  127  8:51  Missile Turret  
  127  8:52  SCV  
  127  8:54  Barracks Reactor x2, Marine  
  127  8:57  SCV x2  
  128  9:04  SCV  
  128  9:06  Marine x2  
  128  9:09  Medivac x2  
  122  9:10  Marine  
  122  9:11  SCV x2  
  122  9:12  Marine  
  122  9:13  Marine, Siege Tank  
  124  9:21  SCV  
  107  9:24  Marine x2  
  107  9:27  Bunker  
  107  9:28  Marine  
  107  9:30  Marine  
  109  9:31  Marine x4  
  109  9:32  Marine  
  109  9:37  Terran Infantry Armor Level 1  
  113  9:42  Marine x2, Factory  
  117  9:46  Marine, Widow Mine  
  117  9:48  Marine  
  117  9:49  Marine x2  
  119  9:53  Marine  
  119  9:54  Marine x2  
  121  10:00  Marine x2, Supply Depot, Drilling Claws  
  121  10:03  Marine  
  121  10:06  Thor  
  127  10:07  Marine x2  
  127  10:08  Marine  
  127  10:11  Marine  
  127  10:12  Marine  
  132  10:17  Command Center  
  132  10:19  Marine  
  132  10:20  Marine  
  132  10:21  Marine  
  135  10:23  Supply Depot  
  135  10:26  Marine x2, Factory Reactor  
  135  10:27  Marine  
  138  10:29  Marine x2  
  138  10:30  Marine  
  138  10:33  Supply Depot  
  138  10:34  Supply Depot  
  140  10:37  Marine  
  140  10:38  Marine  
  140  10:42  Marine  
  141  10:43  SCV x2  
  141  10:44  Marine, SCV  
  141  10:48  Marine x2  
  145  10:52  Marine  
  145  10:54  Siege Tank  
  145  10:55  SCV x2  
  151  10:57  Marine x4  
  151  11:00  Marine  
  151  11:02  Marine  
  151  11:03  SCV  
  148  11:06  Marine x2  
  148  11:07  SCV, Widow Mine  
  148  11:09  Widow Mine  
  153  11:14  Marine  
  153  11:17  Marine  
  153  11:18  Marine x3  
  155  11:19  Marine  
  155  11:20  Marine  
  155  11:24  Marine x2  
  155  11:46  Supply Depot  
Show
View Real Time Build Order
Export as new Build Order

Bly Zerg 

Build Orders: Hatch First, Muta Ling Bane 

Get SALT Encoding   

  12  0:00  Drone  
  13  0:12  Overlord  
  13  0:16  Drone  
  14  0:30  Drone  
  14  0:31  Drone  
  16  0:48  Hatchery  
  15  0:51  Drone  
  15  0:55  Drone  
  17  0:57  Drone  
  18  1:09  Extractor  
  17  1:13  Spawning Pool  
  17  1:16  Drone  
  17  1:19  Drone  
  18  1:27  Drone  
  19  1:39  Drone  
  20  1:50  Overlord  
  20  2:00  Queen x2  
  24  2:01  Zergling x4  
  26  2:10  Drone x2  
  26  2:12  Metabolic Boost  
  28  2:21  Drone  
  29  2:36  Queen  
  30  2:38  Queen  
  30  2:43  Drone x3  
  35  2:48  Overlord  
  35  2:56  Overlord  
  35  3:08  Drone x4  
  35  3:10  Overlord x2  
  35  3:11  Drone  
  40  3:21  Lair  
  39  3:27  Drone x4  
  39  3:32  Drone x2  
  45  3:43  Drone  
  45  3:44  Drone  
  47  3:49  Extractor  
  47  3:50  Extractor, Drone x6  
  47  3:51  Extractor  
  50  3:58  Drone  
  50  3:59  Drone  
  52  4:07  Overlord  
  52  4:09  Hatchery  
  51  4:11  Drone  
  52  4:17  Drone  
  52  4:22  Drone x4  
  57  4:26  Spire  
  56  4:32  Drone x3  
  59  4:42  Baneling Nest  
  59  4:44  Overlord  
  58  4:49  Drone x2  
  58  4:50  Drone  
  61  4:59  Zergling x8  
  65  5:11  Overlord  
  65  5:33  Zergling x4  
  65  5:34  Zergling x4  
  69  5:38  Mutalisk x6  
  81  5:43  Mutalisk x2  
  81  5:44  Overlord x2  
  81  5:46  Drone  
  86  5:56  Centrifical Hooks  
  86  5:58  Baneling x3  
  86  6:01  Zergling x8  
  86  6:02  Overlord x2  
  90  6:05  Extractor x2  
  90  6:09  Baneling x4  
  90  6:10  Overlord  
  90  6:11  Zergling x14  
  93  6:16  Zerg Flyer Weapons Level 1  
  95  6:21  Overlord  
  95  6:27  Zergling x16  
  95  6:28  Baneling  
  95  6:29  Baneling x4  
  95  6:30  Zergling x2  
  104  6:37  Zergling x2  
  104  6:38  Zergling x2  
  104  6:39  Baneling x4  
  106  6:40  Zergling x2  
  107  6:48  Zergling x2  
  107  6:49  Zergling x2  
  107  6:53  Hatchery  
  107  6:59  Baneling x12  
  107  7:00  Baneling  
  103  7:02  Zergling x10  
  107  7:10  Mutalisk  
  107  7:15  Zergling x4  
  100  7:24  Zergling x6  
  94  7:35  Mutalisk x3  
  96  7:43  Zergling x10  
  98  7:50  Burrow, Mutalisk x3  
  104  7:55  Drone x6  
  110  7:59  Mutalisk  
  112  8:07  Zergling x6  
  115  8:13  Evolution Chamber  
  112  8:25  Zergling x18  
  119  8:34  Baneling x12, Hatchery  
  105  8:41  Zergling x6  
  105  8:47  Zerg Ground Armor Level 1  
  96  9:11  Mutalisk x6  
  96  9:13  Drone, Overlord  
  96  9:15  Overlord  
  89  9:26  Zergling x10  
  91  9:34  Baneling x3  
  91  9:44  Hatchery  
  90  9:46  Zergling x2  
  90  9:47  Zergling x6  
  94  9:57  Baneling x9  
  94  9:58  Zergling x2  
  94  9:59  Zergling x4  
  95  10:10  Drone x7  
  102  10:25  Mutalisk x5  
  112  10:47  Mutalisk x2  
  112  10:49  Overlord  
  114  10:51  Overlord  
  114  10:53  Zergling x18  
  106  11:07  Zergling x10  
  110  11:18  Mutalisk x3  
  103  11:27  Spine Crawler  
  103  11:29  Zergling x6  

Tags
 
Add a new tag
Caveats
  • Supply blocks, unpowered buildings, or Contaminate may cause inaccurate times.
  • Supply counts are checked every 10 seconds.